 Dungeon Crawl Stone Soup version 0.16-a0-3722-g5e7e3b6 (webtiles) character file.

2357 Ololoev the Spear-Bearer (level 9, -1/63 HPs)
             Began as a Mummy Chaos Knight on Jan 21, 2015.
             Was a Plaything of Xom.
             Slain by a hog (7 damage)
             ... on level 7 of the Dungeon.
             The game lasted 00:24:11 (7618 turns).

Ololoev the Spear-Bearer (Mummy Chaos Knight)       Turns: 7618, Time: 00:24:12

Health: -1/63      AC: 16    Str: 18    XL:     9   Next: 20%
Magic:  13/14      EV:  5    Int: 11    God:    Xom [*.....]
Gold:   414        SH:  0    Dex: 11    Spells: 1 memorised, 7 levels left

rFire  . . .     SeeInvis .     a - +0 spear (chaos)
rCold  + . .     Clarity  .     i - +0 plate armour
rNeg   + + +     SustAb   .     (no shield)
rPois  ∞         Gourm    .     r - +0 helmet
rElec  .         Spirit   .     (no cloak)
rCorr  .         Warding  .     e - +2 pair of gloves
rMut   .         Stasis   .     (no boots)
MR     +....                    (no amulet)
Stlth  ..........               c - ring of wizardry
                                g - ring of protection from fire

@: somewhat resistant to hostile enchantments, extremely unstealthy
A: no food or potions, fire vulnerability, restore body, cold resistance 1,
negative energy resistance 3, poison resistance, torment resistance, unbreathing
a: Renounce Religion


You were on level 7 of the Dungeon.
You worshipped Xom.
You were a special plaything of Xom.
You were not hungry.

You visited 1 branch of the dungeon, and saw 7 of its levels.
You also visited: Sewer.

You collected 414 gold pieces.

Notes
Turn   | Place    | Note
--------------------------------------------------------------
     0 | D:1      | Ololoev, the Mummy Chaos Knight, began the quest for the Orb.
     0 | D:1      | Reached XP level 1. HP: 18/18 MP: 1/1
   104 | D:1      | XOM: divination: detect items
   122 | D:1      | XOM: silly message
   230 | D:1      | XOM: enchant monster (bad)
   232 | D:1      | XOM: butterfly on damage
   277 | D:1      | Reached XP level 2. HP: 24/24 MP: 2/2
   561 | D:2      | Reached XP level 3. HP: 8/29 MP: 3/3
   824 | D:2      | Found a shattered altar of Ashenzari.
   973 | D:2      | Found an iron altar of Okawaru.
  1035 | D:2      | Found a stormy altar of Qazlal.
  1066 | D:2      | XOM: mild Tloc miscast
  1362 | D:2      | XOM: summons 4 hostile shadow creatures
  1382 | D:2      | XOM: smoke on damage
  1383 | D:2      | XOM: noise
  1383 | D:2      | Reached XP level 4. HP: 10/35 MP: 4/4
  1544 | D:2      | XOM: colour smoke trail
  1900 | D:3      | XOM: colour smoke trail
  1937 | D:3      | Found a glowing drain.
  2052 | D:3      | XOM: 2-stop teleportation journey
  2080 | D:3      | XOM: 1-stop teleportation journey
  2108 | D:3      | XOM: chaos cloud
  2189 | D:3      | XOM: mild Trmt miscast
  2414 | D:3      | Noticed Natasha
  2427 | D:3      | Killed Natasha
  2427 | D:3      | Reached skill level 4 in Polearms
  2427 | D:3      | Reached XP level 5. HP: 29/41 MP: 5/5
  2585 | D:3      | Found a snail-covered altar of Cheibriados.
  2753 | D:3      | XOM: harmless Conj miscast
  3079 | D:3      | Noticed Natasha
  3089 | D:3      | Killed Natasha
  3095 | D:3      | Noticed Natasha
  3101 | D:3      | Killed Natasha
  3332 | D:4      | Noticed a deep elf mage
  3344 | D:4      | XOM: confuse monster(s)
  3358 | D:4      | Killed a deep elf mage
  3358 | D:4      | Reached XP level 6. HP: 47/47 MP: 6/6
  3395 | D:4      | Reached skill level 5 in Polearms
  3419 | D:4      | Found a runed door.
  3419 | D:4      | Noticed a human
  3431 | D:4      | Found a basalt altar of Yredelemnul.
  3445 | D:4      | XOM: 1-stop teleportation journey
  3492 | D:4      | Noticed a phantom
  3540 | D:4      | Killed a phantom
  3689 | D:4      | Reached XP level 7. HP: 49/52 MP: 7/7
  4022 | D:4      | Reached skill level 6 in Polearms
  4236 | D:5      | Entered Level 5 of the Dungeon
  4433 | D:5      | XOM: colour smoke trail
  4481 | D:5      | Found a glowing drain.
  4487 | D:5      | XOM: mild Ice miscast
  4508 | Sewer    | Entered a sewer
  4541 | Sewer    | XOM: polymorph rat -> bat
  5150 | Sewer    | Reached skill level 5 in Armour
  5307 | D:5      | Noticed Eustachio
  5339 | D:5      | Killed Eustachio
  5339 | D:5      | Reached XP level 8. HP: 40/58 MP: 8/8
  5445 | D:5      | Found a sacrificial altar of Ru.
  5516 | D:5      | XOM: chaos cloud
  5539 | D:5      | XOM: cast spell 'Summon Hydra'
  5542 | D:5      | Reached skill level 7 in Polearms
  5644 | D:5      | XOM: colour smoke trail
  5673 | D:5      | XOM: medium Ice miscast
  5986 | D:6      | Learned a level 1 spell: Animate Skeleton
  6003 | D:6      | Found a shadowy altar of Dithmenos.
  6184 | D:6      | Reached skill level 1 in Necromancy
  6300 | D:6      | XOM: mild Divn miscast
  6304 | D:6      | XOM: confuse monster(s)
  6320 | D:6      | XOM: polymorph ice beast -> giant frog
  6541 | D:6      | XOM: divination: magic mapping
  6543 | D:6      | Got a distressingly furry robe
  6546 | D:6      | Identified the cursed +0 robe of the Sea {HP-9 MP+9 Str+5 Int-4 Dex+4 Stlth+} (You found it on level 6 of the Dungeon)
  6560 | D:6      | XOM: enchant monster (good)
  6832 | D:7      | XOM: polymorph gnoll -> kobold
  6912 | D:7      | XOM: polymorph orc -> bat
  6920 | D:7      | XOM: summons 3 friendly demons
  7042 | D:7      | XOM: 4-stop teleportation journey
  7144 | D:7      | XOM: 3-stop teleportation journey
  7148 | D:7      | XOM: smoke on damage
  7152 | D:7      | XOM: potion effect (might)
  7217 | D:7      | Found a staircase to the Ecumenical Temple.
  7252 | D:7      | Reached skill level 1 in Evocations
  7293 | D:7      | XOM: swap monsters
  7313 | D:7      | Reached XP level 9. HP: 63/63 MP: 9/11
  7528 | D:7      | XOM: scenery: create altars
  7568 | D:7      | Reached skill level 8 in Polearms
  7569 | D:7      | XOM: enchant monster (bad)
  7572 | D:7      | XOM: confusion (+ monsters)
  7574 | D:7      | XOM: confusion (+ monsters)
  7616 | D:7      | XOM: swap monsters
  7618 | D:7      | Slain by a hog

Inventory:

Hand weapons
 a - a +0 spear of chaos (weapon)
 b - a +0 trident
Armour
 e - a +2 pair of gloves (worn)
 i - a +0 plate armour (worn)
 r - a +0 helmet (worn)
Jewellery
 c - a ring of wizardry (right hand)
 g - a ring of protection from fire (left hand)
Magical devices
 d - a wand of slowing (12)
 o - a wand of enslavement (2)
 p - a wand of cold (1)
 q - a wand of polymorph (15)
Scrolls
 f - 2 scrolls of magic mapping
 h - a scroll of recharging
 j - 3 scrolls of blinking
 k - 2 scrolls of identify
 l - 2 scrolls of remove curse
 n - a scroll of teleportation
Books
 m - a book of Necromancy

   Spells                             Type                      Level
   a - Pain                           Necromancy                   1
   b - Animate Skeleton               Necromancy                   1
   c - Vampiric Draining              Necromancy                   3
   d - Regeneration                   Charms/Necromancy            3
   e - Animate Dead                   Necromancy                   4
   f - Control Undead                 Necromancy                   4

Table legend:
 A = Turns spent in this place as a percentage of turns spent in the entire game.
 B = Non-inter-level travel turns spent in this place as a percentage of non-inter-level travel turns spent in the entire game.
 C = Inter-level travel turns spent in this place as a percentage of turns spent in this place.
 D = Turns resting spent in this place as a percentage of non-inter-level travel turns spent in this place.
 E = Turns spent auto-exploring this place as a percentage of non-inter-level travel turns spent in this place.
 F = Non-inter-level travel turns spent in this place divided by the number of levels of this place that you've seen.
                   A       B       C       D       E      F
               +-------+-------+-------+-------+-------+----------------------
         Total | 100.0 | 100.0 |   0.3 |   1.9 |   5.2 | 521.8
       Dungeon |  84.2 |  84.1 |   0.3 |   1.9 |   5.6 | 501.6
         Sewer |  15.8 |  15.9 |   0.0 |   2.0 |   3.2 | 663.0
               +-------+-------+-------+-------+-------+----------------------


   Skills:
 - Level 3.0 Fighting
 + Level 8.1 Polearms
 - Level 5.3 Armour
 - Level 0.7 Dodging
 - Level 3.5 Necromancy
 * Level 3.4 Evocations


You had 7 spell levels left.
You knew the following spells:

 Your Spells              Type           Power        Failure   Level  Hunger
a - Animate Skeleton      Necr           N/A          93%         1    N/A

Dungeon Overview and Level Annotations

Branches:
Dungeon (7/15)             Temple (0/1) D:7

Altars:
Ashenzari
Cheibriados
Dithmenos
Okawaru
Qazlal
Ru
Xom
Yredelemnul

Annotations:
D:4 runed door


Innate Abilities, Weirdness & Mutations

You do not eat or drink.
Your flesh is vulnerable to fire.
Your flesh is cold resistant.
You are immune to negative energy.
Your system is resistant to poisons.
You are immune to unholy pain and torment.
You can survive without breathing.


Message History

You are too injured to fight recklessly!
You are too injured to fight recklessly!
The hog bites itself.
The yak gores you but does no damage.
You hit the yak. You burn the yak.
The yak is lightly wounded.
The yak gores you.
You barely miss the yak.
The yak is lightly wounded.
You hit the yak.
The yak is poisoned.
The yak is moderately wounded.
The yak barely misses you.
You closely miss the yak.
The yak is heavily wounded.
The yak barely misses you.
You completely miss the yak.
The yak is heavily wounded.
You hit the yak but do no damage.
The yak is heavily wounded.
The hog seems less confused.
The yak gores you!
Evoke which item? (* to show all) (? for menu, Esc to quit)
Zapping:
p - a wand of cold {zapped: 2} (will waste charges)
Press: ? - help, Shift-Dir - straight line, f/p - yak
Aim: a yak (heavily wounded, poisoned)
The bolt of cold hits the yak.
You kill the yak!
Evoking this partially-identified wand wasted a few charges.
Evoke which item? (* to show all) (? for menu, Esc to quit)
Zapping:
d - a wand of slowing {zapped: 2} (will waste charges)
Press: ? - help, Shift-Dir - straight line, f - hog
Aim: a hog (moderately wounded, unusually strong, chance 63%)
The hog resists with significant effort.
Evoking this partially-identified wand wasted a few charges.
You closely miss the hog.
The hog is moderately wounded.
Xom decides to rearrange the pieces.
You swap places with the hog.
The hog bites you!
You hit the hog.
The hog seems to slow down.
The hog is moderately wounded.
The hog bites you!
You die...

.#.................†.........#
#############..###############
.........).............
.#############..###### .#
#.........## .# #..........#
.# #......†.#.# .#
#........#h# .# #........#@##
## #...........# #.........#.#
#_..........############
#........#...#.........#
#...#######..#.#######.#
#####%%...'†..(.#
#%....#)....# ###'###...!.#


You could see a hog.

Table legend:
 A = Kills in this place as a percentage of kills in entire the game.
 B = Kills by you in this place as a percentage of kills by you in the entire game.
 C = Kills by friends in this place as a percentage of kills by friends in the entire game.
 D = Other kills in this place as a percentage of other kills in the entire game.
 E = Experience gained in this place as a percentage of experience gained in the entire game.
 F = Experience gained in this place divided by the number of levels of this place that you have seen.
                   A       B       C       D       E      F
               +-------+-------+-------+-------+-------+----------------------
         Total | 100.0 | 100.0 | 100.0 | 100.0 | 100.0 | 421.0
       Dungeon |  78.7 |  77.9 | 100.0 | 100.0 |  93.1 | 448.0
         Sewer |  21.3 |  22.1 |   0.0 |   0.0 |   6.9 | 232.0
               +-------+-------+-------+-------+-------+----------------------

Vanquished Creatures
  A human (D:7)
  A deep elf mage (D:4)
  Eustachio (D:5)
  A yak (D:7)
  A phantom (D:4)
  An ogre (D:4)
  A sky beast (D:7)
  A centaur (D:7)
  A giant frog (shapeshifter) (D:7)
  A big kobold (Sewer)
  2 giant frogs (D:6)
  A scorpion (D:4)
  3 wights (D:7)
  A crimson imp (D:7)
  A goliath beetle (D:7)
  2 centaur skeletons (D:4)
  A hound (D:6)
  An orc priest (D:7)
  A giant frog zombie (D:5)
  A jelly (D:5)
  2 iguanas
  Natasha (thrice) (D:3)
  6 worker ants
  7 river rats
  A white imp (D:5)
  8 adders
  2 gnolls (D:7)
  2 worms
  4 giant mites
  9 giant geckos
  4 oozes
  14 orcs
  11 bats
  A bat skeleton (D:4)
  7 giant cockroaches
  A hobgoblin (shapeshifter) (Sewer)
  16 hobgoblins
  27 kobolds
  2 quokkas
  8 ball pythons
  2 giant gecko skeletons (D:7)
  3 giant newts
  A goblin (shapeshifter) (D:7)
  14 goblins
  7 jackals
  A jackal skeleton (D:4)
  A jackal zombie (D:4)
  A kobold skeleton (D:4)
  A kobold zombie (D:4)
  A quokka skeleton (D:5)
  29 rats
220 creatures vanquished.

Vanquished Creatures (collateral kills)
  A phantom (D:5)
  A centaur (D:7)
  A sheep (D:7)
  An adder (D:5)
  A jackal (D:6)
5 creatures vanquished.

Vanquished Creatures (others)
  An orc wizard (D:3)
  A hound skeleton (D:6)
  A gnoll (D:7)
  An orc skeleton (D:7)
  A jackal (D:6)
  A giant cockroach zombie (D:3)
  A gnoll skeleton (D:7)
7 creatures vanquished.

Grand Total: 232 creatures vanquished

Action                   |  1- 3 |  4- 6 |  7- 9 || total
-------------------------+-------+-------+-------++-------
Melee: Spear             |   140 |   285 |   790 ||  1215
       Trident           |       |    17 |       ||    17
 Cast: Animate Skeleton  |       |       |     6 ||     6
Evoke: Wand              |       |       |     3 ||     3
  Use: Scroll            |     2 |     3 |     5 ||    10
 Stab: Paralysed         |     3 |    13 |    16 ||    32
       Confused          |     1 |     4 |     6 ||    11
       Petrifying        |       |     1 |     2 ||     3
       Petrified         |       |       |     4 ||     4
       Sleeping          |       |       |     2 ||     2

Vault maps used:
D:1:      minmay_arrival_radiant_lines
D:2:      okawaru_trees_2, nicolae_qazlal_eye_of_the_storm,
          nicolae_overflow_crystal_walls
D:3:      portal_sewer_entry_f, first_bread, hex_tiny, hangedman_decor_growths,
          cheibriados_altar_1, uniq_natasha
D:4:      dk_yredelemnul_ordeal
D:5:      portal_sewer_entry_e, basic_altar, uniq_eustachio
D:6:      lemuel_crystal_altar, hangedman_abyss_or_decor_stagger
D:7:      minmay_temple_entry_glassed_door, grunt_livestock
Sewer:    sewer_minmay_treatment
